 Dungeon Crawl Stone Soup version 0.30-a0-721-ga6a225cb13 (webtiles) character file.

Game seed: 13774317026527145221

1523 Anon1729 the Cleaver (level 8, 0/71 HPs)
             Began as a Minotaur Monk on Jan 27, 2023.
             Was a Believer of Uskayaw.
             Killed by nerve-wracking pain
             ... invoked by Menkaure
              (12 damage)
             ... on level 5 of the Dungeon.
             The game lasted 00:07:43 (4751 turns).

Anon1729 the Cleaver (Minotaur Monk)                Turns: 4751, Time: 00:07:44

Health: 0/71       AC: 12    Str: 18    XL:     8   Next: 54%
Magic:  6/10       EV:  6    Int:  7    God:    Uskayaw [**....]
Gold:   309        SH:  0    Dex: 13    Spells: 7/7 levels left

rFire   . . .      SeeInvis .    a - +0 hand axe
rCold   . . .      Faith    .    (no shield)
rNeg    . . .      Spirit   .    m - +0 plate armour
rPois   .          Reflect  .    (helmet restricted)
rElec   .          Harm     .    (no cloak)
rCorr   .          Rampage  .    (no gloves)
Will    .....      Archmagi +    (no boots) Stlth
                                 (no amulet)
HPRegen 0.31/turn                r - ring of the Mage {Wiz Archmagi}
MPRegen 0.12/turn                (no ring)

@: no status effects
A: horns 2, retaliatory headbutt
a: Renounce Religion, Stomp, Line Pass


You were on level 5 of the Dungeon.
You worshipped Uskayaw.
Uskayaw was noncommittal.
You visited 2 branches of the dungeon, and saw 6 of its levels.

You collected 309 gold pieces.

Inventory:

Hand Weapons
 a - a +0 hand axe (weapon)
Missiles
 d - 5 boomerangs (quivered)
Armour
 b - a +0 robe
 g - a +0 scale mail
 m - a +0 plate armour (worn)
Jewellery
 r - the ring of the Mage (left hand) {Wiz Archmagi}
   (You found it on level 4 of the Dungeon)

   [ring of wizardry]

   It improves your spell success rate.
   Archmagi:  It increases the power of your magical spells.
Wands
 i - a wand of charming (6)
 l - a wand of iceblast (7)
 q - a wand of polymorph (5)
Scrolls
 e - a scroll of noise {unknown}
 f - 2 scrolls of brand weapon {unknown}
 h - a scroll of blinking {unknown}
 j - 4 scrolls of identify {unknown}
 k - a scroll of torment {unknown}
 n - a scroll of magic mapping {unknown}
 o - 2 scrolls of enchant weapon {unknown}
 p - 3 scrolls of vulnerability {unknown}
 t - a scroll of fog {unknown}
Potions
 c - a potion of cancellation {unknown}
 s - a potion of magic {unknown}
 u - a potion of flight
 v - a potion of curing


   Skills:
 + Level 6.5 Fighting
 * Level 8.7 Axes
 + Level 5.3 Armour
 - Level 3.2 Dodging
 - Level 1.5 Stealth
 * Level 5.1 Invocations


You had 7 spell levels left.
You didn't know any spells.
Your spell library contained the following spells:

 Spells                   Type           Power      Damage    Failure   Level
 Beastly Appendage        Tmut           0%         N/A       99%         1
 Inner Flame              Hex/Fire       0%         N/A       100%        3
 Ozocubu's Armour         Ice            0%         N/A       100%        3
 Cause Fear               Hex            0%         N/A       100%        4
 Blade Hands              Tmut           0%         N/A       100%        5
 Metabolic Englaciation   Hex/Ice        0%         N/A       100%        5
 Simulacrum               Ice/Necr       0%         N/A       100%        6
 Storm Form               Tmut/Air       0%         N/A       100%        7
 Discord                  Hex            0%         N/A       100%        8


Dungeon Overview and Level Annotations

Branches:
Dungeon (5/15)             Temple (1/1) D:4

Altars:
Ashenzari
Cheibriados
Dithmenos
Elyvilon
Fedhas
Hepliaklqana
Makhleb
Okawaru
Ru
Sif Muna
Trog
Uskayaw
Vehumet
Xom
Zin
The Shining One

Annotations:
D:5 Menkaure


Innate Abilities, Weirdness & Mutations

You have a pair of horns on your head.
You reflexively headbutt those who attack you in melee.


Message History

You are too injured to fight recklessly!
You are too injured to fight recklessly!
You are too injured to fight recklessly!
You are too injured to fight recklessly!
You are too injured to fight recklessly!
You are too injured to fight recklessly!
You are too injured to fight recklessly!
You are too injured to fight recklessly!
You are too injured to fight recklessly!
You are too injured to fight recklessly!
You are too injured to fight recklessly!
You are too injured to fight recklessly!
You hit the orc.
The orc is almost dead.
The orc hits you but does no damage.
You hit the orc.
You kill the orc!
You hit the orc.
You kill the orc!
You completely miss the orc. You headbutt the orc.
You kill the orc!
Aiming: Line Pass
Press: ? - help, Dir - move target Menkaure appears confused.
You hit Menkaure.
Menkaure is lightly damaged.
Menkaure barely misses you.
Menkaure completely misses himself.
You hit Menkaure. You headbutt Menkaure.
Menkaure is moderately damaged.
You hit Menkaure but do no damage.
Menkaure is moderately damaged.
Menkaure seems less confused.
Menkaure calls on the powers of darkness!
Your body is wracked with pain!
* * * LOW HITPOINT WARNING * * *
You hit Menkaure but do no damage. You headbutt Menkaure!
Menkaure is severely damaged.
Menkaure points at you and mumbles some strange words.
Pain shoots through your body!
You die...

####. ..#. ...
..# ..## ##...
#.#####..###.#
#......@M....#
#.#####)######
#)# #.# #.#
##.# #..#
##.## #..#
#########


You could see Menkaure (fast).

Vanquished Creatures
  Pikel (Temple)
  Edmund (D:4)
  A sky beast (D:4)
  A black bear (D:4)
  A gnoll sergeant (D:4)
  A necrophage (D:4)
  A scorpion (D:4)
  A hound (D:4)
  5 orc priests
  2 gnoll boudas (D:4)
  An iguana (D:5)
  3 orc wizards (D:3)
  Robin (D:3)
  7 gnolls
  10 adders
  2 worms
  4 dart slugs
  14 orcs
  11 ball pythons
  7 bats
  5 endoplasms
  4 giant cockroaches
  20 goblins
  12 hobgoblins
  13 kobolds
  13 frilled lizards (D:1)
  7 rats
149 creatures vanquished.

Vanquished Creatures (collateral kills)
  A hound (D:4)
  Ijyb (D:4)
2 creatures vanquished.

Grand Total: 151 creatures vanquished

Notes
Turn   | Place    | Note
-------+----------+-------------------------------------------
     0 | D:1      | Anon1729 the Minotaur Monk began the quest for the Orb.
     0 | D:1      | Reached XP level 1. HP: 19/19 MP: 0/0
   167 | D:1      | Reached skill level 4 in Axes
   168 | D:1      | Reached XP level 2. HP: 15/27 MP: 1/1
   181 | D:1      | Reached skill level 1 in Armour
   735 | D:1      | Reached XP level 3. HP: 33/33 MP: 2/2
  1318 | D:2      | Reached XP level 4. HP: 40/40 MP: 3/3
  1324 | D:2      | Reached skill level 5 in Axes
  2305 | D:4      | Found a large runed translucent door.
  2421 | D:4      | Found a large runed translucent door.
  2422 | D:4      | Noticed a necrophage
  2433 | D:4      | Killed a necrophage
  2434 | D:4      | Reached XP level 5. HP: 40/47 MP: 4/4
  2550 | D:4      | Found a staircase to the Ecumenical Temple.
  2561 | D:4      | Reached skill level 6 in Axes
  2567 | Temple   | Entered the Ecumenical Temple
  2574 | Temple   | Became a worshipper of Uskayaw the Reveller
  2574 | Temple   | Reached * piety under Uskayaw
  2634 | D:4      | Noticed a lemure
  2635 | D:4      | Noticed Pikel
  2637 | D:4      | Noticed a lemure
  2639 | D:4      | Noticed a lemure
  2639 | D:4      | Reached ** piety under Uskayaw
  2641 | D:4      | Noticed a lemure
  2643 | D:4      | Noticed Edmund
  2817 | Temple   | Killed Pikel
  2818 | Temple   | Reached skill level 5 in Fighting
  2818 | Temple   | Reached skill level 7 in Axes
  2818 | Temple   | Reached XP level 6. HP: 56/56 MP: 4/7
  2818 | Temple   | Reached XP level 7. HP: 61/61 MP: 4/8
  3011 | D:3      | Reached *** piety under Uskayaw
  3127 | D:3      | Noticed Robin
  3147 | D:3      | Killed Robin
  3147 | D:3      | Reached **** piety under Uskayaw
  3351 | D:3      | Found a blossoming altar of Fedhas.
  3594 | D:3      | Found a faded altar of an unknown god.
  3597 | D:3      | Found a sacrificial altar of Ru.
  3853 | D:4      | Noticed Ijyb
  3876 | D:4      | Killed Ijyb
  3879 | D:4      | Killed Edmund
  3880 | D:4      | Reached XP level 8. HP: 55/70 MP: 8/10
  4005 | D:4      | Found a large runed translucent door.
  4005 | D:4      | Found a large runed translucent door.
  4017 | D:4      | Reached skill level 8 in Axes
  4041 | D:4      | Reached ***** piety under Uskayaw
  4043 | D:4      | Reached skill level 5 in Armour
  4043 | D:4      | Found the ring of the Mage {Wiz Archmagi}
  4491 | D:4      | Got the Compendium of the Xenotype
  4541 | D:5      | Entered Level 5 of the Dungeon
  4580 | D:5      | Reached skill level 5 in Invocations
  4735 | D:5      | Noticed Menkaure
  4751 | D:5      | Killed from afar by Menkaure

Illustrated notes

Levels and vault maps discovered:
D:1:      dpeg_arrival_chambers_temple_mockup, layout_basic, hex_tiny,
          minmay_lizard_pond
D:2:      layout_basic, dk_vineyard_3
D:3:      cheibrodos_greedy_goblins, layout_loops_ring, fedhas_altar_4,
          nicolae_overflow_ecumenical_swirl, uniq_robin
D:4:      layout_cave_pools, minmay_temple_entry_waves,
          grunt_decor_mini_mirrors, minmay_hollow_rounded_squares, uniq_ijyb,
          uniq_pikel, uniq_edmund
D:5:      cheibrodos_quashed, layout_loops_ring,
          lemuel_zombie_altar_yredelemnul, uniq_menkaure
Temple:   nicolae_temple_superstar

Skill      XL: |  1  2  3  4  5  6  7  8 |
---------------+-------------------------+-----
Axes           | 4 5 7 8 |  8.7
Armour         | 1 2 4 5 |  5.3
Fighting       | 4 5 6 |  6.5
Invocations    | 3 4 5 |  5.1
Dodging        | |  3.2
Stealth        | |  1.5

Action                     |  1- 3 |  4- 6 |  7- 9 || total
---------------------------+-------+-------+-------++-------
  Melee: Hand axe          |    73 |   137 |   177 ||   387
         Headbutt          |     6 |    21 |    50 ||    77
         Punch             |       |       |     3 ||     3
  Throw: Boomerang         |       |     2 |       ||     2
 Invoke: Line Pass         |       |       |     1 ||     1
  Evoke: Wand              |       |       |     1 ||     1
    Use: Potion            |       |     6 |     1 ||     7
   Stab: Sleeping          |     2 |       |       ||     2
         Paralysed         |       |       |    13 ||    13
 Armour: Robe              |     6 |       |       ||     6
         Scale mail        |     8 |       |       ||     8
         Plate armour      |     4 |    63 |   116 ||   183
         Skin              |       |    23 |       ||    23
  Dodge: Dodged            |    41 |    39 |    39 ||   119

Table legend: (Time is in decaauts)
 A = Elapsed time spent in this place.
 B = Non-inter-level travel time spent in this place.
 C = Inter-level travel time spent in this place.
 D = Time resting spent in this place.
 E = Time spent auto-exploring this place.
 F = Levels seen in this place.
 G = Mean time per level.
                   A        B        C        D        E       F      G
               +--------+--------+--------+--------+--------+-----+--------+
         Total |   4747 |   4590 |    157 |    174 |   3485 |   6 |  791.2 |
       Dungeon |   4380 |   4241 |    139 |     74 |   3365 |   5 |  876.0 |
        Temple |    366 |    348 |     18 |    100 |    120 |   1 |  366.0 |
               +--------+--------+--------+--------+--------+-----+--------+

Top non-repeatable levels by time:
     D:1: 1270 daAuts
     D:4: 1078 daAuts
     D:3: 1008 daAuts
     D:2: 815 daAuts
  Temple: 366 daAuts
     D:5: 206 daAuts
